 Dungeon Crawl Stone Soup version 0.30-a0-578-gdee14c521f (console) character file.

Game seed: 9791125971538487517

11 jejorda2 the Poker (level 2, -10/24 HPs)
             Began as a Merfolk Berserker on Dec 31, 2022.
             Was a Follower of Trog.
             Mangled by an ogre
             ... wielding a +0 giant club
              (17 damage)
             ... on level 2 of the Dungeon.
             The game lasted 00:03:03 (967 turns).

jejorda2 the Poker (Merfolk Berserker)               Turns: 967, Time: 00:03:03

Health: -10/24     AC:  8    Str: 23    XL:     2   Next: 29%
Magic:  2/2        EV:  9    Int:  6    God:    Trog [*.....]
Gold:   19         SH:  0    Dex: 13    Spells: 1/1 levels left

rFire   . . .      SeeInvis .    a - +0 spear
rCold   . . .      Faith    .    (no shield)
rNeg    . . .      Spirit   .    o - +0 chain mail
rPois   .          Reflect  .    (no helmet)
rElec   .          Harm     .    (no cloak)
rCorr   .          Rampage  .    (no gloves)
Will    .....                    (no boots) Stlth
                                 (no amulet)
HPRegen 0.24/turn                e - +6 ring of strength
MPRegen 0.08/turn                (no ring)

@: no status effects
A: (nimble swimmer 2), mertail
a: Renounce Religion, Berserk


You were on level 2 of the Dungeon.
You worshipped Trog.
Trog was aware of your devotion.
You visited 1 branch of the dungeon, and saw 2 of its levels.

You collected 49 gold pieces.
You spent 30 gold pieces at shops.

Inventory:

Hand Weapons
 a - a +0 spear (weapon)
Missiles
 g - a stone (quivered)
 n - 6 boomerangs
Armour
 o - a +0 chain mail (worn)
Jewellery
 e - a +6 ring of strength (left hand)
Scrolls
 b - a scroll of torment {unknown}
 c - a scroll of acquirement {unknown}
 f - 2 scrolls of magic mapping {unknown}
 k - a scroll of teleportation {unknown}
 l - 2 scrolls of identify {unknown}
Potions
 d - a potion of might {unknown}
 h - 3 potions of curing {unknown}
 i - a potion of heal wounds {unknown}
 j - a potion of lignification {unknown}
 m - a potion of flight {unknown}


   Skills:
 + Level 3.5 Fighting
 * Level 4.5 Polearms
 - Level 1.3 Armour
 + Level 3.0 Dodging


You had one spell level left.
You didn't know any spells.
Your spell library was empty.

Dungeon Overview and Level Annotations

Branches:
Dungeon (2/15)

Altars:

Shops:
D:1 *


Innate Abilities, Weirdness & Mutations

((You are very nimble when in or above water. (Stealth+, EV+, Speed+++)))
Your lower body shifts to a powerful aquatic tail in water.


Message History

Trog accepts your kill.
No target in view!
No target in view!
No target in view!
HP restored.
An ogre comes into view. It is wielding a +0 giant club.
You throw a stone. The stone hits the ogre.
The ogre is lightly wounded.
You throw a stone. The stone completely misses the ogre.
You throw a stone.
The stone hits the ogre but does no damage.
The ogre is lightly wounded.
You fail to use your ability.
You reach to attack!
You hit the ogre but do no damage.
The ogre is lightly wounded.
You hit the ogre.
The ogre is lightly wounded.
The ogre barely misses you.
You hit the ogre.
The ogre is moderately wounded.
You hit the ogre.
The ogre is heavily wounded.
The ogre hits you with a +0 giant club.
You hit the ogre.
The ogre is heavily wounded.
You hit the ogre but do no damage.
The ogre is heavily wounded.
The ogre completely misses you.
You hit the ogre but do no damage.
The ogre is heavily wounded.
The ogre hits you with a +0 giant club!
Ouch! That really hurt!
* * * LOW HITPOINT WARNING * * *
You hit the ogre but do no damage.
The ogre is heavily wounded.
You barely miss the ogre.
The ogre is heavily wounded.
The ogre hits you with a +0 giant club!
Ouch! That really hurt!
You die...

#.# #.# ###.# #.#
#.#.# ... #.#.# #.#
#.#.#### ... #.#.##.#
#.# #.#.##.#
#O#########.#.##.#
#@##.............#
#.................
#.##.######.####.#
#.##.# #.# #.# #.##.#
#.####.# ..##.#
#......#
..#####.######.####.#
........††.....# #.#
..#####..#####.# #.#


You could see an ogre.

Vanquished Creatures
  A worm (D:2)
  A dart slug (D:1)
  A goblin (D:1)
  A hobgoblin (D:1)
  A quokka (D:2)
  2 rats (D:1)
7 creatures vanquished.

Notes
Turn   | Place    | Note
-------+----------+-------------------------------------------
     0 | D:1      | jejorda2 the Merfolk Berserker began the quest for the Orb.
     0 | D:1      | Reached XP level 1. HP: 18/18 MP: 1/1
   228 | D:1      | Found a faded altar of an unknown god.
   295 | D:1      | Found Relar's Assorted Antiques.
   303 | D:1      | Bought a glowing black potion for 15 gold pieces
   303 | D:1      | Bought a golden potion for 15 gold pieces
   631 | D:1      | Reached XP level 2. HP: 24/24 MP: 2/2
   954 | D:2      | Noticed an ogre
   967 | D:2      | Mangled by an ogre

Illustrated notes

Levels and vault maps discovered:
D:1:      minmay_arrival_jagged, layout_loops_ring, serial_shops, shop,
          dreamdust_ecumenical_altar_statues, chequers_serial_rivers_micro_c,
          serial_bayou_lagoon_b
D:2:      layout_basic, serial_shops, shop, basic_altar,
          minmay_gold_behind_fungi, grunt_ministairs_9, minmay_tall_x,
          uniq_sigmund

Skill      XL: |  1  2 |
---------------+-------+-----
Dodging        | 3 |  3.0
Fighting       | |  3.5
Polearms       | |  4.5
Armour         | |  1.3

Action                   || total
-------------------------++-------
Melee: Spear             ||    38
Throw: Stone             ||     4
Armor: Scale mail        ||     3
       Chain mail        ||     1
Dodge: Dodged            ||     5

Table legend: (Time is in decaauts)
 A = Elapsed time spent in this place.
 B = Non-inter-level travel time spent in this place.
 C = Inter-level travel time spent in this place.
 D = Time resting spent in this place.
 E = Time spent auto-exploring this place.
 F = Levels seen in this place.
 G = Mean time per level.
                   A        B        C        D        E       F      G
               +--------+--------+--------+--------+--------+-----+--------+
         Total |    940 |    924 |     16 |      3 |    779 |   2 |  470.0 |
       Dungeon |    940 |    924 |     16 |      3 |    779 |   2 |  470.0 |
               +--------+--------+--------+--------+--------+-----+--------+

Top non-repeatable levels by time:
     D:1: 778 daAuts
     D:2: 162 daAuts
